 Dungeon Crawl Stone Soup version 0.29-a0-352-g0917bc69df (webtiles) character file.

Game seed: 318295356001735316

396 101zpm the Gusty (level 6, -3/44 HPs)
             Began as a Gnoll Air Elementalist on Apr 23, 2022.
             Slain by Duvessa
             ... wielding a +0 short sword
              (9 damage)
             ... on level 4 of the Dungeon.
             The game lasted 00:07:39 (3413 turns).

101zpm the Gusty (Gnoll Air Elementalist)           Turns: 3413, Time: 00:07:40

Health: -3/44      AC:  3    Str:  7    XL:     6   Next: 83%
Magic:  9/14       EV: 13    Int: 13    God:
Gold:   214        SH:  0    Dex: 13    Spells: 14/15 levels left

rFire   . . .      SeeInvis .   s - +7 war axe "Gaumaupimm" {spect, Fly rC+ rCorr Int-3}
rCold   + . .      Faith    .   (no shield)
rNeg    . . .      Spirit   .   a - +0 robe
rPois   .          Reflect  .   o - +1 hat
rElec   .          Harm     .   (no cloak)
rCorr   +          Rampage  .   (no gloves)
Will    +....                   (no boots)
Stlth   +++.......              (no amulet)
HPRegen 0.14/turn               h - ring of willpower
MPRegen 0.14/turn               (no ring)

@: flying
A: fangs 1, strong nose, distributed training
a: no special abilities


You were on level 4 of the Dungeon.
You visited 1 branch of the dungeon, and saw 4 of its levels.

You collected 214 gold pieces.

Inventory:

Hand Weapons
 s - the +7 war axe "Gaumaupimm" (weapon) {spect, Fly rC+ rCorr Int-3}
   (You found it on level 3 of the Dungeon)

   When its wielder attacks, the weapon's spirit leaps out and strikes again.
   The spirit shares a part of any damage it takes with its wielder.
   Int:       It affects your intelligence (-3).
   rC:        It protects you from cold.
   Fly:       It grants you flight.
   rCorr:     It protects you from acid and corrosion.
Armour
 a - a +0 robe (worn)
 o - a +1 hat (worn)
Jewellery
 h - a ring of willpower (left hand)
Wands
 l - a wand of polymorph (4)
Scrolls
 c - a scroll of magic mapping {unknown}
 d - 2 scrolls of blinking {unknown}
 e - 2 scrolls of noise {unknown}
 g - a scroll of holy word {unknown}
 i - 4 scrolls of identify {unknown}
 j - 2 scrolls of fog {unknown}
 k - 6 scrolls of teleportation {unknown}
 q - a scroll of immolation {unknown}
 r - a scroll of enchant weapon {unknown}
 t - a scroll of brand weapon {unknown}
 u - a scroll of acquirement {unknown}
Potions
 b - a potion of magic
 f - 4 potions of might {unknown}
 m - a potion of haste {unknown}
 n - a potion of mutation {unknown}
 p - a potion of curing {unknown}


   Skills:
 + Level 2.1 Fighting
 + Level 2.1 Short Blades
 + Level 2.1 Long Blades
 + Level 2.1 Axes
 + Level 2.1 Maces & Flails
 + Level 2.1 Polearms
 + Level 2.1 Staves
 + Level 2.1 Slings
 + Level 2.1 Bows
 + Level 2.1 Crossbows
 + Level 2.1 Throwing
 + Level 2.1 Armour
 + Level 5.0 Dodging
 + Level 4.7 Stealth
 + Level 2.1 Shields
 + Level 2.1 Unarmed Combat
 + Level 5.4 Spellcasting
 + Level 2.7 Conjurations
 + Level 1.7 Hexes
 + Level 1.7 Summonings
 + Level 1.7 Necromancy
 + Level 1.7 Translocations
 + Level 1.7 Transmutations
 + Level 1.7 Fire Magic
 + Level 1.7 Ice Magic
 + Level 5.7 Air Magic
 + Level 1.7 Earth Magic
 + Level 1.7 Poison Magic
 + Level 2.3 Invocations
 + Level 2.1 Evocations


You had 14 spell levels left.
You knew the following spells:

 Your Spells              Type           Power      Damage    Failure   Level
a - Shock                 Conj/Air       56%        1d6       3%          1

Your spell library contained the following spells:

 Spells                   Type           Power      Damage    Failure   Level
 Static Discharge         Conj/Air       14%        N/A       4%          2
 Swiftness                Air            18%        N/A       4%          3
 Freeze                   Ice            32%        1d5       9%          1
 Ensorcelled Hibernation  Hex/Ice        16%        N/A       13%         2
 Passwall                 Tmut/Erth      6%         N/A       13%         2
 Airstrike                Air            9%         N/A       17%         4
 Frozen Ramparts          Ice            16%        1d3       26%         3
 Ozocubu's Armour         Ice            8%         N/A       26%         3
 Hailstorm                Conj/Ice       9%         3d4       56%         4
 Metabolic Englaciation   Hex/Ice        4%         N/A       94%         5
 Simulacrum               Ice/Necr       4%         N/A       100%        6


Dungeon Overview and Level Annotations

Branches:
Dungeon (4/15)             Temple (0/1) D:4

Altars:

Annotations:
D:4 Dowan, Duvessa


Innate Abilities, Weirdness & Mutations

You have very sharp teeth.
Your uncanny sense of smell can sniff out nearby items.
Your experience applies equally to all skills.


Message History

Aim: Duvessa, wielding a +0 short sword and wearing a +0 ring mail of cold resistance (lightly wounded, fast, 79% to hit)
The zap hits Duvessa.
Duvessa is lightly wounded.
Dowan throws and catches a handful of magical flame, then smirks.
Aiming: Shock (safe; 3% risk of failure)
Press: ? - help, Q - select action, (/) - cycle Shift-Dir - straight line, f/p - Duvessa
Aim: Duvessa, wielding a +0 short sword and wearing a +0 ring mail of cold resistance (lightly wounded, fast, 79% to hit)
The zap hits Duvessa but does no damage.
Duvessa is lightly wounded.
The zap misses Dowan.
You closely miss Duvessa.
Duvessa is lightly wounded.
Duvessa hits you with a +0 short sword. Duvessa hits you with a +0 short sword!
A hound comes into view.
You closely miss Duvessa.
Duvessa is lightly wounded.
Duvessa barely misses you. x2
You slash Duvessa!
Duvessa is moderately wounded.
Duvessa hits you with a +0 short sword. x2
You hit Duvessa.
Duvessa is heavily wounded.
Duvessa closely misses you. Duvessa hits you with a +0 short sword.
You hit Duvessa. You bite Duvessa, but do no damage.
Duvessa is heavily wounded.
Duvessa hits you with a +0 short sword. Duvessa hits you with a +0 short sword!
* * * LOW HITPOINT WARNING * * *
Aiming: Shock (safe; 3% risk of failure)
Press: ? - help, Q - select action, (/) - cycle Shift-Dir - straight line, f - Dowan, p - Duvessa
Aim: Dowan, wielding a +0 dagger and wearing a +0 robe (heavily wounded, 60% to hit)
The zap hits Duvessa.
Duvessa is severely wounded.
The zap hits Dowan.
Dowan is severely wounded.
The zap hits the hound.
The hound is moderately wounded.
Duvessa hits you with a +0 short sword.
* * * LOW HITPOINT WARNING * * *
Duvessa hits you with a +0 short sword!
You die...

#.'.#................#
#.#............#######
..###................#
### #.........######.#
#####.........#
..............#
#####.........#
######'#########.###
#......@eeh....
###########.... #


You could see Duvessa (fast), Dowan and a hound.

Vanquished Creatures
  2 scorpions (D:4)
  A hound (D:4)
  Terence (D:2)
  Natasha (thrice) (D:2)
  4 gnolls (D:4)
  3 adders
  4 worms
  A dart slug (D:1)
  4 orcs (D:2)
  7 bats
  8 endoplasms
  6 giant cockroaches
  4 goblins
  7 hobgoblins
  2 kobolds
  2 quokkas
  5 ball pythons
  3 frilled lizards
  4 rats
71 creatures vanquished.

Notes
Turn   | Place    | Note
-------+----------+-------------------------------------------
     0 | D:1      | 101zpm the Gnoll Air Elementalist began the quest for the
                  | Orb.
     0 | D:1      | Reached XP level 1. HP: 13/13 MP: 6/6
   155 | D:1      | Reached XP level 2. HP: 19/19 MP: 4/7
   948 | D:2      | Reached XP level 3. HP: 25/25 MP: 5/9
   949 | D:2      | Reached skill level 5 in Spellcasting
  1202 | D:2      | Reached skill level 1 in Invocations
  1229 | D:2      | Noticed Terence
  1239 | D:2      | Killed Terence
  1240 | D:2      | Reached skill level 1 in Fighting
  1240 | D:2      | Reached skill level 1 in Short Blades
  1240 | D:2      | Reached skill level 1 in Long Blades
  1240 | D:2      | Reached skill level 1 in Axes
  1240 | D:2      | Reached skill level 1 in Maces & Flails
  1240 | D:2      | Reached skill level 1 in Polearms
  1240 | D:2      | Reached skill level 1 in Staves
  1240 | D:2      | Reached skill level 1 in Slings
  1240 | D:2      | Reached skill level 1 in Bows
  1240 | D:2      | Reached skill level 1 in Crossbows
  1240 | D:2      | Reached skill level 1 in Throwing
  1240 | D:2      | Reached skill level 1 in Armour
  1240 | D:2      | Reached skill level 1 in Shields
  1240 | D:2      | Reached skill level 1 in Unarmed Combat
  1240 | D:2      | Reached skill level 1 in Evocations
  1240 | D:2      | Reached XP level 4. HP: 19/32 MP: 2/11
  1570 | D:2      | Noticed Natasha
  1575 | D:2      | Killed Natasha
  1576 | D:2      | Reached skill level 1 in Hexes
  1576 | D:2      | Reached skill level 1 in Summonings
  1576 | D:2      | Reached skill level 1 in Necromancy
  1576 | D:2      | Reached skill level 1 in Translocations
  1576 | D:2      | Reached skill level 1 in Transmutations
  1576 | D:2      | Reached skill level 1 in Fire Magic
  1576 | D:2      | Reached skill level 1 in Ice Magic
  1576 | D:2      | Reached skill level 1 in Earth Magic
  1576 | D:2      | Reached skill level 1 in Poison Magic
  1632 | D:2      | Noticed Natasha
  1638 | D:2      | Killed Natasha
  1639 | D:2      | Reached XP level 5. HP: 31/37 MP: 5/12
  1723 | D:2      | Noticed Natasha
  1727 | D:2      | Killed Natasha
  2251 | D:3      | Found a faded altar of an unknown god.
  2361 | D:3      | Identified the +7 war axe "Gaumaupimm" {spect, Fly rC+
                  | rCorr Int-3}
  2588 | D:3      | Noticed an ogre
  2620 | D:4      | Reached XP level 6. HP: 44/44 MP: 9/13
  2704 | D:4      | Reached skill level 5 in Dodging
  3350 | D:4      | Found a staircase to the Ecumenical Temple.
  3401 | D:4      | Noticed Dowan
  3403 | D:4      | Noticed Duvessa
  3413 | D:4      | Slain by Duvessa

Illustrated notes

Levels and vault maps discovered:
D:1:      minmay_arrival_three_doors, layout_basic, minmay_misc_feat_doors,
          st_stairs_10
D:2:      layout_rooms, grunt_ministairs_11, minmay_misc_feat_diagonals,
          uniq_terence, uniq_natasha
D:3:      layout_basic, mainiacjoe_overflow_surrounded_room,
          hellmonk_ecumenical_altar_lost_god
D:4:      layout_basic, minmay_temple_entry_glassed_door, gup_sewer_entry_bowl,
          hangedman_decor_lopped, hangedman_abyss_or_decor_passed, uniq_duvessa

Skill      XL: |  1  2  3  4  5  6 |
---------------+-------------------+-----
Conjurations   | 2 |  2.7
Spellcasting   | 5 |  5.4
Invocations    | 1 2 |  2.3
Fighting       | 1 2 |  2.1
Short Blades   | 1 2 |  2.1
Long Blades    | 1 2 |  2.1
Axes           | 1 2 |  2.1
Maces & Flails | 1 2 |  2.1
Polearms       | 1 2 |  2.1
Staves         | 1 2 |  2.1
Slings         | 1 2 |  2.1
Bows           | 1 2 |  2.1
Crossbows      | 1 2 |  2.1
Throwing       | 1 2 |  2.1
Armour         | 1 2 |  2.1
Shields        | 1 2 |  2.1
Unarmed Combat | 1 2 |  2.1
Evocations     | 1 2 |  2.1
Hexes          | 1 |  1.7
Summonings     | 1 |  1.7
Necromancy     | 1 |  1.7
Translocations | 1 |  1.7
Transmutations | 1 |  1.7
Fire Magic     | 1 |  1.7
Ice Magic      | 1 |  1.7
Earth Magic    | 1 |  1.7
Poison Magic   | 1 |  1.7
Dodging        | 5 |  5.0
Stealth        | |  4.7
Air Magic      | |  5.7

Action                   |  1- 3 |  4- 6 || total
-------------------------+-------+-------++-------
Melee: War axe           |       |    18 ||    18
       Bite              |       |     3 ||     3
 Cast: Shock             |    65 |    99 ||   164
Armor: Robe              |     2 |     4 ||     6
Dodge: Dodged            |     3 |    12 ||    15

Table legend: (Time is in decaauts)
 A = Elapsed time spent in this place.
 B = Non-inter-level travel time spent in this place.
 C = Inter-level travel time spent in this place.
 D = Time resting spent in this place.
 E = Time spent auto-exploring this place.
 F = Levels seen in this place.
 G = Mean time per level.
                   A        B        C        D        E       F      G
               +--------+--------+--------+--------+--------+-----+--------+
         Total |   3418 |   3320 |     98 |     74 |   2878 |   4 |  854.5 |
       Dungeon |   3418 |   3320 |     98 |     74 |   2878 |   4 |  854.5 |
               +--------+--------+--------+--------+--------+-----+--------+

Top non-repeatable levels by time:
     D:2: 1228 daAuts
     D:1: 937 daAuts
     D:4: 816 daAuts
     D:3: 435 daAuts
